 Dungeon Crawl Stone Soup version 0.18.1-50-g88ac8fd (webtiles) character file.

11434 RudyRod the Covert (level 11, -12/100 HPs)
             Began as a Naga Fighter on Oct 11, 2016.
             Was a Priest of the Shining One.
             Mangled by an ettin
             ... wielding a +0 dire flail of crushing
              (20 damage)
             ... on level 11 of the Dungeon.
             The game lasted 01:07:06 (14839 turns).

RudyRod the Covert (Naga Fighter)                  Turns: 14839, Time: 01:07:07

Health: -12/100    AC: 20    Str: 22    XL:     11   Next: 77%
Magic:  0/14       EV:  9    Int:  8    God:    the Shining One [***...]
Gold:   401        SH: 17    Dex: 11    Spells: 1 memorised, 13 levels left

rFire  . . .     SeeInvis +     v - +1 falchion (freeze)
rCold  . . .     Gourm    .     d - +0 plate armour
rNeg   + . .     Faith    .     c - +0 shield
rPois  +         Spirit   +     (no helmet)
rElec  .         Dismiss  .     a - +2 cloak
rCorr  .         Reflect  .     H - +0 pair of gloves
SustAt .         Harm     .     (no barding)
MR     +....     Rnd*Tele +     p - amulet of guardian spirit
Stlth  +.........               (no ring)
                                m - +4 ring of evasion

@: divine shield, glowing, very slow, somewhat resistant to hostile
enchantments, very unstealthy
A: iridescent scales 1, see invisible, deformed body, poison resistance,
slowness 2, slow metabolism 1, spit poison 2, teleportitis 1, wild magic 1, AC
+3
a: Spit Poison, Divine Shield, Renounce Religion


You were on level 11 of the Dungeon.
You worshipped the Shining One.
The Shining One was most pleased with you.
You were hungry.

You visited 2 branches of the dungeon, and saw 12 of its levels.

You collected 596 gold pieces.
You spent 195 gold pieces at shops.

Inventory:

Hand Weapons
 v - a +1 falchion of freezing (weapon)
 I - the +1 quarterstaff "Spiderbane" {elec, rC++}
   (You found it on level 7 of the Dungeon)

   Occasionally, upon striking a foe, it will discharge some electrical energy
   and cause terrible harm.
   It greatly protects you from cold.
Armour
 a - a +2 cloak (worn)
 c - a +0 shield (worn)
 d - a +0 plate armour (worn)
 H - a +0 pair of gloves (worn)
 M - a +1 robe of cold resistance
 P - a +2 buckler of positive energy
 Q - a troll hide
Jewellery
 j - an uncursed ring of ice
 m - a +4 ring of evasion (left hand)
 p - an amulet of guardian spirit (around neck)
 w - an uncursed ring of resist corrosion
 D - an uncursed amulet of magic regeneration
 O - an uncursed ring of fire
Wands
 x - a wand of slowing (18/48)
 C - a wand of teleportation (3/9)
 G - a wand of enslavement (16/24)
 J - a wand of confusion (28/48)
 N - a wand of flame (13/48)
Scrolls
 e - 9 scrolls of remove curse
 g - a scroll of identify
 h - 2 scrolls of brand weapon
 l - a scroll of fog
 t - 3 scrolls of fear
 L - a scroll of blinking
 R - 2 scrolls of recharging {unknown}
 T - a scroll of random uselessness {unknown}
Potions
 i - 4 potions of mutation
 k - a potion of cure mutation {unknown}
 n - 2 potions of flight {unknown}
 q - a potion of magic {unknown}
 A - 7 potions of curing
 B - a potion of cancellation {unknown}
 E - a potion of invisibility {unknown}
 K - a potion of brilliance
 S - a potion of ambrosia {unknown}
Books
 y - a book of Minor Magic

   Spells                             Type                      Level
   a - Magic Dart                     Conjuration                  1
   b - Blink                          Translocation                2
   c - Call Imp                       Summoning                    2
   d - Repel Missiles                 Charms/Air                   2
   e - Slow                           Hexes                        2
   f - Conjure Flame                  Conjuration/Fire             3
   g - Mephitic Cloud                 Conjuration/Poison/Air       3
 F - a book of Dreams

   Spells                             Type                      Level
   a - Ensorcelled Hibernation        Hexes/Ice                    2
   b - Silence                        Hexes/Air                    5
   c - Darkness                       Hexes                        6
   d - Shadow Creatures               Summoning                    6
Miscellaneous
 b - a sack of spiders
Comestibles
 f - 4 bread rations
 o - 33 fruits
 r - a chunk of flesh
 s - a slice of pizza
 u - 2 royal jellies
 z - 2 meat rations


   Skills:
 + Level 7.1 Fighting
 * Level 8.3 Long Blades
 + Level 6.4 Armour
 * Level 5.4 Dodging
 * Level 10.5 Stealth
 + Level 7.1 Shields
 - Level 2.5 Spellcasting
 - Level 3.0 Charms
 - Level 2.8 Air Magic
 + Level 0.2 Invocations


You had 13 spell levels left.
You knew the following spells:

 Your Spells              Type           Power        Failure   Level  Hunger
a - Repel Missiles        Chrm/Air       #.....       100%        2    ###....


Dungeon Overview and Level Annotations

Branches:
Dungeon (11/15)            Temple (1/1) D:6            Lair (0/8) D:10
    Orc: D:9-12

Altars:
Ashenzari
Cheibriados
Dithmenos
Elyvilon
Fedhas
Gozag
Kikubaaqudgha
Makhleb
Nemelex Xobeh
Okawaru
Pakellas
Qazlal
Ru
Sif Muna
Trog
Vehumet
Xom
Yredelemnul
Zin
The Shining One

Shops:
D:5 }   D:8 !   D:9 (   D:10 *


Innate Abilities, Weirdness & Mutations

You cannot wear boots.
Your serpentine skin is tough (AC +3).
You have supernaturally acute eyesight.
Armour fits poorly on your strangely shaped body.
Your system is resistant to poisons.
You cover ground very slowly.
You have a slow metabolism.
You can spit poison.
You are partially covered in iridescent scales (AC +4).
You are occasionally teleported next to monsters.
Your spells are a little harder to cast, but a little more powerful.


Message History

You are feeling hungry.
The orc warlord hits you with a great mace.
You hit the orc warlord but do no damage.
The orc warlord is heavily wounded.
The orc warlord hits you with a great mace!!
You hit the orc warlord but do no damage.
The orc warlord is heavily wounded.
You block the orc warlord's attack.
You hit the orc warlord. You freeze the orc warlord.
The orc warlord is heavily wounded.
The orc warlord grunts to no one in particular.
The orc warlord hits you with a great mace!!
* * * LOW HITPOINT WARNING * * *
There is an open door here.
Drink which item? (? for menu, Esc to quit)
You feel better.
The orc warlord hits you with a great mace!
* * * LOW HITPOINT WARNING * * *
You block the ettin's attack. The ettin hits you with a dire flail!!
You die...

## .. ## #.##. ####### ##.
$..8.## #.....# ####(.
$...... #.....# ###..(..
$...... #.....# ##..((..#
$..8... ###.....# #.)#....#
##...###.o.....# ###.#....##
#.....†..#C@...###.......##.
#...?.#####.....'.[.##...##..
..(.... ####..######..##...
....... #+## #.##.... .######
###..... #....#. ##...##'
#....... #.......


You could see an orc warlord and an ettin.

Vanquished Creatures
  Josephine (D:10)
  Fannar (D:10)
  A hill giant (D:9)
  Joseph (D:7)
  2 trolls
  5 wraiths (D:10)
  11 yaks
  A hippogriff (D:3)
  Menkaure (D:4)
  2 water moccasins (D:7)
  3 wargs (D:10)
  Duvessa (D:6)
  An ice beast (D:6)
  6 orc warriors
  4 sky beasts
  6 ogres
  A necrophage (D:10)
  An eye of draining (D:8)
  3 centaurs
  2 big kobolds
  2 gnoll sergeants (D:10)
  7 giant frogs
  5 scorpions
  Dowan (D:6)
  3 killer bees (D:8)
  8 wights
  A howler monkey (D:7)
  3 crimson imps
  A giant frog zombie (D:10)
  2 jellies
  2 centaur skeletons
  8 hounds
  Crazy Yiuf (D:7)
  9 orc priests
  A giant frog skeleton (D:4)
  4 iguanas
  13 orc wizards
  13 worker ants
  A killer bee zombie (D:5)
  A hound skeleton (D:7)
  3 worker ant zombies
  13 adders
  15 gnolls
  A howler monkey skeleton (D:6)
  A shadow imp (D:7)
  2 oozes
  2 adder skeletons
  6 worms
  A dart slug (D:4)
  10 giant geckos
  37 orcs
  7 giant cockroaches
  2 gnoll zombies (D:6)
  4 goblins
  5 hobgoblins
  8 jackals
  7 quokkas
  2 ball pythons
  A ball python skeleton (D:4)
  6 bats
  5 giant newts
  15 kobolds
  A quokka skeleton (D:6)
  2 quokka zombies
  9 rats
  A fungus (D:7)
306 creatures vanquished.

Vanquished Creatures (others)
  An orc wizard (D:7)
1 creature vanquished.

Grand Total: 307 creatures vanquished

Notes
Turn   | Place    | Note
--------------------------------------------------------------
     0 | D:1      | RudyRod the Naga Fighter began the quest for the Orb.
     0 | D:1      | Reached XP level 1. HP: 21/21 MP: 1/1
     0 | D:1      | Noticed a minotaur skeleton
    11 | D:1      | Noticed a minotaur skeleton
   141 | D:1      | Reached XP level 2. HP: 27/28 MP: 2/2
   786 | D:2      | Reached XP level 3. HP: 34/34 MP: 3/3
  1064 | D:2      | Reached XP level 4. HP: 8/42 MP: 1/4
  1874 | D:2      | Reached skill level 1 in Dodging
  2324 | D:3      | Reached XP level 5. HP: 28/50 MP: 3/5
  2539 | D:3      | Reached skill level 1 in Stealth
  2640 | D:3      | Noticed a hippogriff
  2651 | D:3      | Killed a hippogriff
  2651 | D:3      | Reached skill level 2 in Stealth
  2651 | D:3      | Reached XP level 6. HP: 26/57 MP: 2/6
  3028 | D:3      | Found a bloodstained altar of Trog.
  3035 | D:3      | Found a white marble altar of Elyvilon.
  3035 | D:3      | Found a blossoming altar of Fedhas.
  3035 | D:3      | Found a shimmering altar of Xom.
  3126 | D:3      | Found a radiant altar of Vehumet.
  3201 | D:3      | Found a glowing silver altar of Zin.
  3887 | D:4      | Noticed Menkaure
  3894 | D:4      | Killed Menkaure
  3894 | D:4      | Reached skill level 3 in Stealth
  3894 | D:4      | Reached XP level 7. HP: 32/64 MP: 3/7
  4695 | D:4      | Reached skill level 4 in Stealth
  5091 | D:5      | Entered Level 5 of the Dungeon
  5188 | D:5      | Found an iron altar of Okawaru.
  5270 | D:5      | Found Tablojy's Gadget Shop.
  5377 | D:5      | Reached XP level 8. HP: 6/73 MP: 1/8
  5938 | D:5      | Reached skill level 5 in Stealth
  6309 | D:5      | Reached skill level 5 in Fighting
  6832 | D:6      | Reached skill level 6 in Stealth
  6834 | D:6      | Gained mutation: You are partially covered in iridescent scales (AC +4). [potion of mutation]
  6834 | D:6      | Gained mutation: Your spells are a little harder to cast, but a little more powerful. [potion of mutation]
  6834 | D:6      | Gained mutation: You are occasionally teleported next to monsters. [potion of mutation]
  7610 | D:6      | Reached XP level 9. HP: 77/81 MP: 9/9
  7654 | D:6      | Reached skill level 5 in Shields
  7794 | D:6      | Noticed Dowan
  7798 | D:6      | Noticed Duvessa
  7800 | D:6      | Killed Dowan
  7827 | D:6      | Killed Duvessa
  7827 | D:6      | Reached skill level 5 in Armour
  7827 | D:6      | Reached skill level 7 in Stealth
  8071 | D:6      | Noticed an unseen horror
  8623 | D:6      | Found a basalt altar of Yredelemnul.
  8720 | D:6      | Found a staircase to the Ecumenical Temple.
  8730 | Temple   | Entered the Ecumenical Temple
  8778 | Temple   | Became a worshipper of the Shining One
  9446 | D:7      | Reached skill level 5 in Long Blades
  9561 | D:7      | Learned a level 2 spell: Repel Missiles
  9578 | D:7      | Noticed Joseph
  9614 | D:7      | Killed Joseph
  9614 | D:7      | Reached skill level 1 in Charms
  9614 | D:7      | Reached skill level 1 in Air Magic
  9670 | D:7      | Reached skill level 1 in Spellcasting
  9686 | D:7      | Got a bloodstained quarterstaff
  9692 | D:7      | Identified the cursed +1 quarterstaff "Spiderbane" {elec, rC++} (You found it on level 7 of the Dungeon)
  9988 | D:7      | Noticed Crazy Yiuf
  9994 | D:7      | Killed Crazy Yiuf
 10057 | D:7      | Reached XP level 10. HP: 91/91 MP: 12/12
 10296 | D:8      | Reached * piety under the Shining One
 10847 | D:8      | Found Muwkugue's Distillery.
 10964 | D:8      | Bought a potion of agility for 56 gold pieces
 10964 | D:8      | Bought a potion of curing for 42 gold pieces
 10964 | D:8      | Bought a potion of heal wounds for 70 gold pieces
 11442 | D:9      | Noticed a hill giant
 11858 | D:9      | Identified a scroll of acquirement
 11987 | D:9      | Killed a hill giant
 11987 | D:9      | Reached skill level 8 in Stealth
 12007 | D:9      | Found Keeth's Weapon Shoppe.
 12435 | D:10     | Entered Level 10 of the Dungeon
 12452 | D:10     | Found Guqaanon's Assorted Antiques.
 12455 | D:10     | Reached ** piety under the Shining One
 12486 | D:10     | Reached XP level 11. HP: 74/99 MP: 11/14
 12501 | D:10     | Noticed Josephine
 12515 | D:10     | Killed Josephine
 12515 | D:10     | Reached skill level 9 in Stealth
 12602 | D:10     | Bought a scroll labeled IFECKA QUUTZARYDGH for 27 gold pieces
 12808 | D:10     | Found a staircase to the Lair.
 12862 | D:10     | Noticed Fannar
 13454 | D:10     | Reached *** piety under the Shining One
 13547 | D:10     | Reached skill level 5 in Dodging
 13921 | D:9      | Reached skill level 10 in Stealth
 14377 | D:10     | Killed Fannar
 14813 | D:11     | Noticed an orc warlord
 14814 | D:11     | Noticed an ettin
 14839 | D:11     | Mangled by an ettin

Skill      XL: |  1  2  3  4  5  6  7  8  9 10 11 |
---------------+----------------------------------+-----
Dodging        | 1 2 3 4 5 |  5.4
Shields        | 3 4 5 6 7 |  7.1
Fighting       | 4 5 6 7 |  7.1
Armour         | 3 4 5 6 |  6.4
Stealth        | 2 3 4 6 7 8 10 | 10.5
Long Blades    | 3 4 5 6 8 |  8.3
Charms         | 1 3 |  3.0
Air Magic      | 1 2 |  2.8
Spellcasting   | 1 2 |  2.5
Invocations    | |  0.2

Action                   |  1- 3 |  4- 6 |  7- 9 | 10-12 || total
-------------------------+-------+-------+-------+-------++-------
Melee: Long sword        |   117 |   152 |   397 |       ||   666
       Falchion          |       |       |   309 |   924 ||  1233
Invok: Divine Shield     |       |       |       |     3 ||     3
 Abil: Spit Poison       |     2 |     4 |     3 |       ||     9
  Use: Potion            |     1 |       |     9 |    14 ||    24
       Scroll            |       |       |    16 |     8 ||    24
  Eat: Chunk             |       |     8 |     7 |     6 ||    21
       Bread ration      |       |       |     1 |     1 ||     2
       Meat ration       |       |       |     1 |       ||     1
       Beef jerky        |       |       |     1 |       ||     1
       Fruit             |       |       |       |     4 ||     4
Armor: Scale mail        |    50 |    75 |    49 |       ||   174
       Plate armour      |       |       |   269 |   438 ||   707
       Skin              |       |       |     7 |       ||     7
Dodge: Dodged            |    38 |    76 |   249 |   266 ||   629
Block: Shield            |    46 |    92 |   368 |   532 ||  1038
